 Dungeon Crawl Stone Soup version 0.32-a0-871-ge202e49faa (webtiles) character file.

Game seed: 15810529456290715238

175934 dcgrp the Warrior (level 17, -1/163 HPs)
             Began as a Mountain Dwarf Fire Elementalist on Mar 29, 2024.
             Was an Elder of Cheibriados.
             Killed from afar by a deep elf sorcerer (33 damage)
             ... with damnation
             ... on level 3 of the Elven Halls.
             The game lasted 01:59:10 (35987 turns).

dcgrp the Warrior (MDFE)                           Turns: 35987, Time: 01:59:10

Health: -1/163     AC: 27    Str: 24    XL:     17   Next: 49%
Magic:  11/52      EV:  8    Int: 39    God:    Cheibriados [****..]
Gold:   1768       SH: 24    Dex: 20    Spells: 22/41 levels left

rFire   + + +        L - +11 flail "Neimuass" {drain, +Blink rF+ MP+9}
rCold   + . .        i - +1 tower shield {rC+}
rNeg    . . .        U - +0 fire dragon scales
rPois   .            j - +3 hat of Pondering {ponderous, Will+ MP+10 Int+5}
rElec   .            E - +1 cloak {Will+}
rCorr   .            b - +2 pair of gloves {Str+3}
SInv    .            X - +0 pair of boots {Fly}
Will    +++..        T - amulet of reflection
Stlth   +            A - ring of protection from cold
HPRegen 0.47/turn    C - +4 ring of protection
MPRegen 0.33/turn

%: reflection
@: flying, very slow
A: runic magic, artefact enchanting
a: Renounce Religion, Evoke Blink, Bend Time, Temporal Distortion, Slouch


You were on level 3 of the Elven Halls.
You worshipped Cheibriados.
Cheibriados was greatly pleased with you.
You visited 5 branches of the dungeon, and saw 26 of its levels.
You visited 1 bazaar.
You also visited: Sewer and Ice Cave.

You collected 4564 gold pieces.
You spent 2796 gold pieces at shops.

Inventory:

Hand Weapons
 F - the +4 hammer of Responsibility {flame, rElec Dex+2 Stlth+}
   (You found it on level 3 of the Dungeon)

   Dex+2:     It affects your dexterity (+2).
   rElec:     It insulates you from electricity.
   Stlth+:    It makes you more stealthy.
 L - the +11 flail "Neimuass" (weapon) {drain, +Blink rF+ MP+9}
   (You found it on level 3 of the Lair of Beasts)

   rF+:       It protects you from fire.
   MP+9:      It affects your magic capacity (+9).
   +Blink:    It lets you blink.
 P - a +3 broad axe of electrocution
Missiles
 q - a throwing net
 t - 51 poisoned darts (quivered)
 Y - 3 curare-tipped darts
Armour
 a - a +2 helmet of see invisible
 b - a +2 pair of gloves of strength (worn)
 i - a +1 tower shield of cold resistance (worn)
 j - the +3 hat of Pondering (worn) {ponderous, Will+ MP+10 Int+5}
   (You bought it in a shop on level 1 of the Elven Halls)

   Int+5:     It affects your intelligence (+5).
   Will+:     It increases your willpower.
   MP+10:     It affects your magic capacity (+10).
 E - a +1 cloak of willpower (worn)
 U - +0 fire dragon scales (worn)
 X - a +0 pair of boots of flying (worn)
Jewellery
 l - the ring of Hepliaklqana's Hatred {rCorr MP+9 Str+2}
   (You took it off a spriggan on level 5 of the Lair of Beasts)

   [ring of magical power]

   Str+2:     It affects your strength (+2).
   MP+9:      It affects your magic capacity (+9).
   rCorr:     It protects you from acid and corrosion.
 A - a ring of protection from cold (left hand)
 C - a +4 ring of protection (right hand)
 H - a ring of wizardry
 T - an amulet of reflection (around neck)
 Z - the ring "Nuschuin" {rElec rPois Will- Int+5 SInv}
   (You found it on level 2 of the Lair of Beasts)

   [ring of poison resistance]

   Int+5:     It affects your intelligence (+5).
   rElec:     It insulates you from electricity.
   rPois:     It protects you from poison.
   Will-:     It decreases your willpower.
   SInv:      It lets you see invisible.
Wands
 s - a wand of paralysis (8)
 w - a wand of warping (20)
 D - a wand of flame (52)
 I - a wand of light (4)
 S - a wand of mindburst (11)
Scrolls
 c - 3 scrolls of fear
 f - 9 scrolls of teleportation
 h - 2 scrolls of poison
 k - 3 scrolls of butterflies
 m - 7 scrolls of enchant weapon
 n - 5 scrolls of vulnerability
 u - 3 scrolls of fog
 x - a scroll of amnesia
 y - 2 scrolls of silence
 z - a scroll of immolation
 J - a scroll of revelation
 K - 2 scrolls of blinking
 M - 7 scrolls of identify {@r1}
 R - 2 scrolls of brand weapon
 W - 5 scrolls of torment
Potions
 d - a potion of mutation
 e - 2 potions of invisibility
 g - 7 potions of lignification
 o - 2 potions of magic
 p - 7 potions of curing
 r - 2 potions of cancellation
 v - 2 potions of brilliance
 B - 6 potions of ambrosia
 G - 4 potions of resistance
 N - a potion of enlightenment
 O - 5 potions of might
 Q - 4 potions of attraction
 V - 2 potions of berserk rage


   Skills:
 - Level 18.0 Fighting
 - Level 2.0 Axes
 + Level 12.9 Armour
 - Level 1.3 Dodging
 - Level 1.4 Stealth
 - Level 11.0 Shields
 + Level 12.5 Spellcasting
 + Level 9.5 Conjurations
 - Level 6.0 Necromancy
 - Level 4.0 Translocations
 - Level 16.1 Fire Magic
 - Level 6.0 Earth Magic
 - Level 10.0 Invocations
 - Level 6.0 Evocations


You had 22 spell levels left.
You knew the following spells:

 Your Spells              Type           Power      Damage    Failure   Level
a - Foxfire               Conj/Fire      100%       2x1d9     1%          1
b - Volatile Blastmotes   Fire/Tloc      100%       2d18      1%          3
c - Flame Wave            Conj/Fire      90%        2d19      1%          4
d - Vhi's Electric Charg  Tloc/Air       80%        N/A       26%         4
e - Blink                 Tloc           100%       N/A       1%          2
f - Borgnjor's Vile Clut  Necr/Erth      31%        N/A       14%         5

Your spell library contained the following spells:

 Spells                   Type           Power      Damage    Failure   Level
 Scorch                   Fire           100%       2d9       0%          2
 Magic Dart               Conj           100%       1d8       1%          1
 Searing Ray              Conj           100%       2d8       1%          2
 Inner Flame              Hex/Fire       72%        N/A       1%          3
 Passwall                 Erth           63%        N/A       1%          3
 Sticky Flame             Fire/Alch      72%        2d12      1%          4
 Animate Dead             Necr           63%        N/A       4%          4
 Fulminant Prism          Conj/Alch      29%        3d14      8%          4
 Call Imp                 Summ           48%        N/A       9%          2
 Passage of Golubria      Tloc           54%        N/A       11%         4
 Anguish                  Hex/Necr       23%        N/A       17%         4
 Bombard                  Conj/Erth      35%        9d6       34%         6
 Death Channel            Necr           31%        N/A       58%         6
 Silence                  Hex/Air        12%        N/A       85%         5
 Haunt                    Necr/Summ      23%        N/A       100%        7
 Malign Gateway           Summ/Tloc      20%        N/A       100%        7
 Borgnjor's Revivificati  Necr           31%        N/A       100%        8
 Lehudib's Crystal Spear  Conj/Erth      35%        10d9      100%        8
 Summon Horrible Things   Summ           12%        N/A       100%        8


Dungeon Overview and Level Annotations

Branches:
Dungeon (15/15)            Temple (1/1) D:4            Lair (5/5) D:8
 Shoals (0/4) Lair:3        Snake (0/4) Lair:2        Slime (0/5) Lair:4
    Orc (2/2) D:10            Elf (3/3) Orc:2        Vaults (0/5) D:14
 Depths (0/4) D:15          Sewer (visited)           IceCv (visited)

Altars:
Ashenzari
Cheibriados
Dithmenos
Elyvilon
Fedhas
Gozag
Hepliaklqana
Kikubaaqudgha
Makhleb
Nemelex Xobeh
Okawaru
Qazlal
Ru
Sif Muna
Trog
Uskayaw
Vehumet
Wu Jian
Xom
Yredelemnul
Zin
The Shining One
Jiyva
Lugonu

Shops:
D:3 ?   D:7 (   D:15 :   Orc:2 !!!(   Elf:1 [   Elf:3 :

Portals:
Abyss: Lair:5

Annotations:
Elf:1 1 runed translucent door


Innate Abilities, Weirdness & Mutations

Your spellcasting is much less encumbered by armour.
You can use scrolls of enchantment on lesser artefacts.


Message History

The flame wave engulfs the lost soul.
The lost soul resists.
The lost soul is heavily damaged.
You finish channelling waves of flame.
The ghostly deep elf death mage draws life force from you!
* * * LOW HITPOINT WARNING * * *
The ghostly deep elf death mage is healed by the life force!
Casting: Flame Wave (safe; 1% risk of failure)
Confirm with . or Enter, or press ? or * to list all spells.
Casting: Flame Wave (safe; 1% risk of failure)
Press: ? - help, Dir - look around, f - activate A wave of flame ripples out!
The flame wave engulfs the ghostly deep elf death mage!
The ghostly deep elf death mage is almost destroyed. (Press . to intensify the flame waves.)
You block the ghostly deep elf death mage's attack.
A wave of flame ripples out!
The flame wave engulfs the ghostly deep elf death mage!!
You destroy the ghostly deep elf death mage!
Cheibriados appreciates the change of pace.
The lost soul fades away! x3
Aiming: Bolt of Light
Press: ? - help, Shift-Dir - straight line, f - you
Okay, then.
Unknown command.
Aiming: Warp Space
Press: ? - help, Shift-Dir - straight line Space twists violently!
The rupture engulfs the deep elf sorcerer!!
The deep elf sorcerer blinks!
The deep elf sorcerer is heavily wounded.
Aiming: Bolt of Light
Press: ? - help, Shift-Dir - straight line, f - deep elf sorcerer
Aim: a deep elf sorcerer, wielding a +0 rapier (heavily wounded, 64% to hit)
The bolt of light hits the deep elf sorcerer!!
The deep elf sorcerer is almost dead.
The deep elf sorcerer is blinded.
The deep elf sorcerer points at you and mumbles some strange words.
The sphere of damnation explodes!
The damnation engulfs you!!
You die...
Cheibriados appreciates the motionlessness of death.

.#####..# #.# ##'###### .# ##.#
####'### #.######## .# #.#
#....§.## #..*..e...
.######'####.......#####..#######
..........##..............####...
...........#.....†........*.)))).
#....................†.##*####...
#...............).)...###.# #...
..............e)@)..## ##.####...
............######### #.....+...
............# #..####...
...........## #.########
..........## #........
.........## ##'####### ........##
##......## .######'# ####
##........+ ## #.# ##..##
##.........#


You could see a deep elf sorcerer (blind, unable to see you).

Vanquished Creatures
  Rupert (D:14)
  Louise (Elf:2)
  4 deep elf sorcerers
  3 deep elf elementalists (Elf:3)
  A very ugly thing (D:15)
  A stone giant (D:14)
  2 deep elf demonologists (Elf:2)
  4 deep elf death magi
  A deep elf annihilator (Elf:3)
  A fire dragon (D:14)
  The ghost of Gucoit the Skirmisher, a journeyman DgHu (D:14)
  A great orb of eyes (D:15)
  An ogre mage (D:15)
  3 rakshasas (D:15)
  The ghost of Otedoll the Eclecticist, a journeyman DECj of Vehumet (Lair:1)
  5 hydras
  3 vault guards (D:14)
  3 centaur warriors
  14 two-headed ogres
  24 dancing weapons
  An ironbound frostheart (D:14)
  4 catoblepae
  A boulder beetle (Lair:2)
  2 tengu warriors (D:14)
  2 occultists (Elf:1)
  3 orc high priests (Orc:2)
  Sonja (Lair:2)
  3 thrashing horrors (Lair:5)
  18 deep elf knights
  A skyshark (Lair:5)
  Lodul (D:12)
  A deep troll (D:14)
  3 arcanists (D:14)
  A lindwurm (Lair:4)
  2 bog bodies (IceCv)
  Pikel (D:5)
  A harpy (Lair:3)
  10 deep elf archers
  7 orc knights
  24 deep elf zephyrmancers
  A shining eye (shapeshifter) (D:15)
  A thermic dynamo (Elf:1)
  5 orc sorcerers (Orc:2)
  27 deep elf pyromancers
  8 ugly things
  3 meliai (D:13)
  A moth of wrath (D:14)
  3 manticores
  8 elephants
  5 black mambas
  A torpor snail (Lair:2)
  2 gargoyles
  4 kobold blastminers
  13 cane toads
  2 ice statues
  3 smoke demons (Lair:5)
  A rime drake (shapeshifter) (D:13)
  Jeremiah (D:7)
  Maggie (Lair:1)
  4 rime drakes (Lair:2)
  An unseen horror (D:13)
  11 komodo dragons
  2 kobold demonologists
  An efreet (D:14)
  3 anaconda simulacra (IceCv)
  A tengu conjurer (D:14)
  5 ice devils (D:14)
  A queen bee (D:13)
  5 trolls
  4 polar bears
  A raiju (shapeshifter) (Lair:5)
  A hornet (D:15)
  37 blink frogs
  A raiju (Lair:5)
  4 dream sheep (Lair:4)
  6 air elementals
  17 slime creatures
  2 spriggans (Lair:5)
  2 water elementals (Elf:1)
  9 wyverns
  55 yaks
  4 wraiths
  2 shadows
  A vampire (D:13)
  14 basilisks
  2 fire elementals (Elf:2)
  2 humans (D:14)
  A basilisk (shapeshifter) (Lair:5)
  5 steam dragons
  A warg (D:15)
  10 vampire mosquitoes
  8 redbacks (Elf:3)
  4 harpy simulacra (IceCv)
  3 nagas (Lair:2)
  A chaos spawn (Lair:5)
  2 acid dragons
  18 water moccasins
  A hydra simulacrum (IceCv)
  Pargi (Sewer)
  23 orc warriors
  A sky beast (D:6)
  3 black bears
  A boggart (Elf:1)
  14 ogres
  16 wolves
  2 centaurs
  3 lemures
  A gnoll sergeant (D:8)
  4 kobold brigands
  2 scorpions
  12 bullfrogs
  A brain worm (Sewer)
  11 small abominations (Lair:5)
  An earth elemental (Elf:3)
  2 cane toad simulacra (IceCv)
  6 two-headed ogre simulacra (IceCv)
  14 wights
  3 elephant simulacra (IceCv)
  36 killer bees
  5 electric eels (Lair:5)
  A howler monkey (D:10)
  A bombardier beetle (D:5)
  4 hounds
  4 jellies
  Crazy Yiuf (D:3)
  24 orc priests
  3 sleepcaps
  2 iguanas
  7 hell rats (Lair:3)
  4 polar bear simulacra (IceCv)
  38 orc wizards
  10 spriggan simulacra (IceCv)
  3 troll simulacra (IceCv)
  2 wolf simulacra (IceCv)
  5 adders
  7 gnolls
  5 naga simulacra (IceCv)
  2 white imps (IceCv)
  7 ufetubi (IceCv)
  3 dart slugs
  A ribbon worm (D:3)
  88 orcs
  9 ball pythons
  12 endoplasms
  3 giant cockroaches
  10 goblins
  6 hobgoblins
  11 jackals
  2 quokkas
  11 bats
  2 frilled lizards (D:1)
  25 kobolds
  5 rats
  4 foxfires
988 creatures vanquished.

Vanquished Creatures (collateral kills)
  14 foxfires
14 creatures vanquished.

Vanquished Creatures (others)
  A deep elf knight (Elf:3)
  3 lightning spires (Elf:1)
  A deep elf zephyrmancer (Elf:1)
  A kobold (D:11)
  1313 foxfires
1319 creatures vanquished.

Grand Total: 2321 creatures vanquished

Notes
Turn   | Place    | Note
-------+----------+-------------------------------------------
     0 | D:1      | dcgrp the Mountain Dwarf Fire Elementalist began the quest
                  | for the Orb.
     0 | D:1      | Reached XP level 1. HP: 14/14 MP: 3/3
   160 | D:1      | Reached skill level 1 in Fighting
   567 | D:1      | Reached XP level 2. HP: 19/23 MP: 1/4
   569 | D:1      | Reached skill level 1 in Evocations
   924 | D:1      | Reached skill level 2 in Fighting
  1344 | D:2      | Reached XP level 3. HP: 26/29 MP: 0/5
  2399 | D:3      | Found a glowing drain.
  2426 | Sewer    | Entered a sewer
  2437 | Sewer    | Reached skill level 1 in Armour
  2471 | Sewer    | Noticed a brain worm
  2485 | Sewer    | Killed a brain worm
  2486 | Sewer    | Reached skill level 3 in Fighting
  2486 | Sewer    | Reached XP level 4. HP: 32/38 MP: 0/6
  2549 | Sewer    | Noticed Pargi
  2567 | Sewer    | Killed Pargi
  2568 | Sewer    | Reached skill level 5 in Fire Magic
  2568 | Sewer    | Reached XP level 5. HP: 45/45 MP: 0/8
  2586 | Sewer    | Learned a level 3 spell: Volatile Blastmotes
  2925 | D:3      | Found a white marble altar of Elyvilon.
  2966 | D:3      | Reached skill level 1 in Conjurations
  3037 | D:3      | Found a faded altar of an unknown god.
  3335 | D:3      | Found Mische Jima's Magic Scroll Shoppe.
  3338 | D:3      | Bought a scroll of identify for 24 gold pieces
  3338 | D:3      | Bought a scroll of teleportation for 36 gold pieces
  3338 | D:3      | Bought a scroll of blinking for 90 gold pieces
  3338 | D:3      | Bought a scroll of identify for 24 gold pieces
  3340 | D:3      | Bought a scroll of teleportation for 36 gold pieces
  3437 | D:3      | Found a runed translucent door.
  3438 | D:3      | Noticed Crazy Yiuf
  3560 | D:4      | Reached XP level 6. HP: 35/51 MP: 0/9
  3709 | D:4      | Reached skill level 1 in Translocations
  4116 | D:4      | Found a staircase to the Ecumenical Temple.
  4132 | Temple   | Entered the Ecumenical Temple
  4162 | Temple   | Became a worshipper of Cheibriados the Contemplative
  4220 | D:4      | Reached XP level 7. HP: 56/57 MP: 3/10
  4234 | D:4      | Reached skill level 1 in Invocations
  4557 | D:5      | Entered Level 5 of the Dungeon
  5209 | D:5      | Found a shimmering blue altar of Sif Muna.
  5263 | D:5      | Reached * piety under Cheibriados
  5807 | D:3      | Killed Crazy Yiuf
  5853 | D:3      | Identified the +4 hammer of Responsibility {flame, rElec
                  | Dex+2 Stlth+}
  5941 | D:6      | Noticed a steam dragon
  6202 | D:6      | Reached XP level 8. HP: 63/63 MP: 8/11
  6235 | D:6      | Found a shimmering altar of Xom.
  6504 | D:6      | Found a hide-covered altar of Uskayaw.
  6549 | D:6      | Noticed Pikel
  6553 | D:6      | Reached skill level 10 in Fire Magic
  6615 | D:6      | Reached ** piety under Cheibriados
  6652 | D:6      | Learned a level 4 spell: Flame Wave
  6956 | D:6      | Found an iron altar of Okawaru.
  6957 | D:6      | Found a broken altar of Ashenzari.
  6959 | D:6      | Found a shadowy altar of Dithmenos.
  6961 | D:6      | Found a bloodstained altar of Trog.
  7123 | D:5      | Killed Pikel
  7124 | D:5      | Reached XP level 9. HP: 42/69 MP: 12/15
  7317 | D:7      | Reached skill level 1 in Axes
  7454 | D:7      | Found an opulent altar of Gozag.
  7496 | D:7      | Reached skill level 5 in Conjurations
  7545 | D:7      | Found Ocujiumm's Weapon Shoppe.
  7906 | D:7      | Noticed Jeremiah
  7931 | D:7      | Found a sacrificial altar of Ru.
  8035 | D:7      | Reached skill level 4 in Fighting
  8230 | D:7      | Killed Jeremiah
  8399 | D:8      | Found a staircase to the Lair.
  8400 | D:8      | Reached skill level 5 in Invocations
  8480 | D:8      | Reached skill level 5 in Fighting
  8644 | D:8      | Reached *** piety under Cheibriados
  8645 | D:8      | Reached XP level 10. HP: 70/83 MP: 2/16
  8647 | D:8      | Reached skill level 5 in Armour
  8651 | D:8      | Reached skill level 6 in Fighting
  8912 | D:8      | Reached skill level 1 in Shields
  9027 | D:8      | You fall into a shaft and drop 2 floors!
  9027 | D:10     | Entered Level 10 of the Dungeon
  9071 | D:9      | Reached skill level 5 in Spellcasting
  9106 | D:9      | Noticed a two-headed ogre
  9114 | D:9      | Killed a two-headed ogre
  9114 | D:9      | Reached **** piety under Cheibriados
  9115 | D:9      | Reached skill level 7 in Fighting
  9444 | D:9      | Reached skill level 8 in Fighting
  9625 | D:9      | Found a hazy altar of Hepliaklqana.
  9929 | D:9      | Reached ***** piety under Cheibriados
 10029 | D:9      | Found a glowing silver altar of Zin.
 10506 | D:10     | Noticed a two-headed ogre
 10516 | D:10     | Killed a two-headed ogre
 10517 | D:10     | Reached XP level 11. HP: 45/94 MP: 2/18
 10709 | D:10     | Found a radiant altar of Vehumet.
 11243 | D:10     | Found a staircase to the Orcish Mines.
 11445 | Lair:1   | Entered Level 1 of the Lair of Beasts
 11637 | Lair:1   | Noticed Maggie
 11656 | Lair:1   | Killed Maggie
 12182 | Lair:1   | Found a runed translucent gate.
 12194 | Lair:1   | Reached XP level 12. HP: 85/102 MP: 8/24
 12196 | Lair:1   | Noticed Otedoll's ghost (journeyman DECj)
 12300 | Lair:1   | Found a runed translucent gate.
 12639 | Lair:1   | Found a runed translucent gate.
 12806 | Lair:1   | Killed Otedoll's ghost
 12808 | Lair:1   | Reached skill level 9 in Fighting
 12819 | Lair:1   | Identified the +11 great sword of Kismet {heavy, rC+ rCorr}
 12900 | Lair:2   | Noticed a catoblepas
 13324 | Lair:2   | Reached skill level 10 in Fighting
 13325 | Lair:2   | Reached ****** piety under Cheibriados
 13343 | Lair:2   | Killed a catoblepas
 13348 | Lair:2   | Reached skill level 11 in Fighting
 13552 | Lair:2   | Reached skill level 12 in Fighting
 13697 | Lair:2   | Found a staircase to the Snake Pit.
 13894 | Lair:2   | Noticed a catoblepas
 13904 | Lair:2   | Killed a catoblepas
 13905 | Lair:2   | Reached skill level 13 in Fighting
 14110 | Lair:2   | Noticed Sonja
 14117 | Lair:2   | Killed Sonja
 14119 | Lair:2   | Noticed a boulder beetle
 14128 | Lair:2   | Killed a boulder beetle
 14129 | Lair:2   | Reached skill level 14 in Fighting
 15014 | Lair:2   | Reached XP level 13. HP: 96/124 MP: 19/25
 15181 | Lair:2   | Identified the ring "Nuschuin" {rElec rPois Will- Int+5
                  | SInv}
 15320 | Lair:3   | Found a frozen archway.
 15329 | IceCv    | Entered an ice cave
 16023 | IceCv    | Reached skill level 5 in Shields
 16526 | Lair:3   | Identified the +11 flail "Neimuass" {drain, +Blink rF+
                  | MP+9}
 17273 | Lair:3   | Found a staircase to the Shoals.
 18046 | Lair:4   | Found a staircase to the Slime Pits.
 18048 | Lair:4   | Found a viscous altar of Jiyva.
 18551 | Lair:5   | Entered Level 5 of the Lair of Beasts
 18570 | Lair:5   | Reached skill level 15 in Fire Magic
 18685 | Lair:5   | Reached skill level 15 in Fighting
 18801 | Lair:5   | Reached XP level 14. HP: 113/135 MP: 15/26
 19253 | Lair:5   | Reached skill level 16 in Fighting
 19998 | Lair:5   | Identified the ring of Hepliaklqana's Hatred {rCorr MP+9
                  | Str+2}
 20579 | Lair:5   | Learned a level 4 spell: Vhi's Electric Charge
 21149 | Lair:5   | Reached skill level 17 in Fighting
 21251 | Lair:5   | Found a one-way gate to the infinite horrors of the Abyss.
 21256 | Lair:5   | Found a corrupted altar of Lugonu.
 21257 | Lair:5   | Reached skill level 10 in Spellcasting
 21259 | Lair:5   | Reached skill level 10 in Armour
 21675 | Orc:1    | Entered Level 1 of the Orcish Mines
 21964 | Orc:2    | Entered Level 2 of the Orcish Mines
 23120 | Orc:2    | Reached skill level 18 in Fighting
 23387 | Orc:2    | Found Hiuqiz's Distillery.
 23387 | Orc:2    | Found Poda Giy's Distillery.
 23392 | Orc:2    | Found Teseott's Antique Weapon Emporium.
 23392 | Orc:2    | Found Kynoqo's Distillery.
 23571 | Orc:2    | Found a staircase to the Elven Halls.
 23655 | Elf:1    | Entered Level 1 of the Elven Halls
 23842 | Orc:2    | HP: 7/143 [burnt (6)]
 23850 | Orc:2    | HP: 6/143 [burnt (7)]
 24178 | Elf:1    | Reached XP level 15. HP: 149/149 MP: 28/30
 24279 | Elf:1    | Noticed a deep elf sorcerer
 24299 | Elf:1    | Killed a deep elf sorcerer
 24567 | Elf:1    | Found Wack's Antique Armour Emporium.
 24577 | Elf:1    | Bought the +3 hat of Pondering {ponderous, Will+ MP+10
                  | Int+5} for 1295 gold pieces
 24577 | Elf:1    | Found the +3 hat of Pondering {ponderous, Will+ MP+10
                  | Int+5}
 24589 | Elf:1    | Bought a pair of embroidered boots for 255 gold pieces
 24705 | Elf:1    | Found a runed translucent door.
 24757 | Elf:1    | HP: 1/125 [ghostly deep elf death mage/bolt of negative
                  | energy (32)]
 25453 | D:11     | Got the Treatise on Glamourous Sinister Words
 25471 | D:11     | Found an iron altar of Okawaru.
 25493 | D:11     | Reached skill level 5 in Evocations
 25985 | D:12     | Noticed Lodul
 25993 | D:12     | Killed Lodul
 27160 | D:13     | Found a flickering gateway to a bazaar.
 27185 | Bazaar   | Entered a bazaar
 27185 | Bazaar   | Found Wakk's Assorted Antiques.
 27185 | Bazaar   | Found Jovybox's Weapon Shop.
 27185 | Bazaar   | Found Morywn's Armour Boutique.
 27194 | Bazaar   | Bought a scroll labelled VUDWOI WOENEME for 31 gold pieces
 27195 | Bazaar   | Acquired a book of Minor Magic
 27200 | Bazaar   | Learned a level 2 spell: Blink
 27214 | Bazaar   | Bought a +2 pair of gloves of strength for 365 gold pieces
 27469 | D:13     | Acquired 897 gold pieces
 28331 | D:14     | Noticed Rupert
 28331 | D:14     | Found a transporter.
 28341 | D:14     | Killed Rupert
 28384 | D:14     | Noticed Gucoit's ghost (journeyman DgHu)
 28409 | D:14     | Found a transporter.
 28429 | D:14     | Found a bloodstained altar of Trog.
 28774 | D:14     | Identified the +1 long sword "Icvies" {spect, *Slow rElec
                  | rPois Dex+2}
 29306 | D:14     | Reached XP level 16. HP: 155/157 MP: 32/32
 29431 | D:14     | Found a gate to the Vaults.
 29538 | D:14     | Killed Gucoit's ghost
 29641 | D:15     | Entered Level 15 of the Dungeon
 29821 | D:15     | Found a stormy altar of Qazlal.
 30260 | D:15     | Found a staircase to the Depths.
 30524 | D:15     | Found Ilautio's Book Boutique.
 30529 | D:15     | Bought a book of the Moon for 640 gold pieces
 30535 | D:15     | Learned a level 5 spell: Borgnjor's Vile Clutch
 30870 | Elf:1    | Reached skill level 1 in Necromancy
 30870 | Elf:1    | Reached skill level 1 in Earth Magic
 31507 | Elf:1    | Reached skill level 10 in Shields
 31651 | Elf:1    | Identified the staff of the Sun {rElec Will+ Air}
 31808 | Elf:1    | Paralysed by an air elemental for 1 turns
 31810 | Elf:1    | Paralysed by an air elemental for 1 turns
 32038 | Elf:2    | Noticed Louise
 32051 | Elf:2    | Killed Louise
 32184 | Elf:2    | Reached skill level 10 in Invocations
 32823 | Elf:2    | Found a runed translucent gate.
 32838 | Elf:2    | Found a runed translucent gate.
 32839 | Elf:2    | Found a runed translucent gate.
 33218 | Elf:2    | Reached skill level 5 in Necromancy
 33218 | Elf:2    | Reached skill level 5 in Earth Magic
 33846 | Elf:2    | Reached XP level 17. HP: 101/163 MP: 26/33
 34507 | Elf:3    | Entered Level 3 of the Elven Halls
 34627 | Elf:3    | Paralysed by an air elemental for 1 turns
 34630 | Elf:3    | Paralysed by an air elemental for 1 turns
 34775 | Elf:3    | Paralysed by an air elemental for 1 turns
 35644 | Elf:3    | Found Nasau's Vocational Training.
 35987 | Elf:3    | Killed from afar by a deep elf sorcerer

Illustrated notes

Levels and vault maps discovered:
D:1:      amcnicky_arrival_double_pillar, layout_loops_ring
D:2:      layout_loops_ring, serial_forest, infiniplex_forest_clump_small,
          infiniplex_forest_clump_tiny, infiniplex_forest_lined_corner,
          infiniplex_forest_clump_diagonal, infiniplex_forest_lined_2,
          infiniplex_forest_straight_2, infiniplex_forest_clump_small,
          infiniplex_forest_clump_long, bh_walls_and_bars
D:3:      layout_basic, mainiacjoe_overflow_concentric_impassable,
          shapermc_ecumenical_altar_ellora, serial_shops,
          nicolae_shop_rolled_up, cheibrodos_sewer_entry_drain,
          uniq_crazy_yiuf_cottage
D:4:      layout_rooms, minmay_temple_entry_proselytizer, minmay_quantized
D:5:      layout_layer_cave, nicolae_sif_muna_condensation
D:6:      layout_loops_ring, mainiacjoe_overflow_tiny_flanked, minitemple,
          mainiacjoe_overflow_24_doors, uniq_pikel
D:7:      layout_basic, amcnicky_altar_gilded, nicolae_ru_sacrificial_ziggurat,
          serial_shops, nicolae_shop_bloodbath_and_beyond, minmay_statues_item,
          uniq_jeremiah
D:8:      layout_gridville, lair_entry_dummy, lemuel_flamethrower_2
D:9:      layout_loops_ring, nzn_hepliaklqana_mist_gate, zin_scriptorium
D:10:     layout_long_grid, kennysheep_little_box, david_orc_4
D:11:     layout_rooms, okawaru_trees_2
D:12:     layout_grid_maze, uniq_lodul
D:13:     layout_roguey [special_room_bee], serial_shops, freezing_bzr
D:14:     cheibrodos_frozen_isle, layout_long_grid, hellmonk_vaults_keyhole,
          gammafunk_ghost_wrathful_warriors, uniq_rupert
D:15:     gammafunk_enter_depths_forms, layout_rooms, grunt_decor_resistance,
          serial_shops, shop_fountains, chequers_serial_rivers_small_3,
          nicolae_qazlal_scattered_showers
Temple:   kb_temple_of_zot
Lair:1:   layout_big_grid, gammafunk_ghost_split, grunt_megastairs_1,
          uniq_maggie
Lair:2:   regret_index_malice_mire, layout_regular_city,
          nicolae_snake_entry_squirm, minmay_stone_trees_small,
          infiniplex_staircase_pool_2, serial_bayou_shore_a, uniq_sonja
Lair:3:   layout_chaotic_city, nicolae_shoals_entry_roost,
          portal_ice_cave_entry_pillars_1
Lair:4:   layout_cave_shapes, nicolae_slime_entry_slimehenge,
          grunt_megastairs_2, serial_bayou_shore_b
Lair:5:   hellmonk_lair_end_abyssal_woods, layout_regular_city, serial_bayou,
          serial_bayou_ford_a, serial_bayou_lagoon_b, serial_bayou_pond_b,
          serial_bayou_pond_e, lemuel_fruit_fields
Orc:1:    layout_caves
Orc:2:    st_orc_elflike, layout_caves
Elf:1:    eino_elf_arrival_the_gate, layout_gridlike, hangedman_elf_disciples,
          hangedman_aerie_drop, minmay_shop_star, grunt_megastairs_4
Elf:2:    nicolae_elf_blades_crystal_corner, layout_gridlike, uniq_louise
Elf:3:    minmay_elf_hall_statues, layout_gridlike, drop_trap,
          nicolae_shop_vocational

Skill      XL: |  1  2  3  4  5  6  7  8  9 10 11 12 13 14 15 16 17 |
---------------+----------------------------------------------------+-----
Fighting       | 1 2 3 5 8 14 15 18 | 18.0
Evocations     | 1 2 3 6 |  6.0
Armour         | 2 4 5 6 9 10 12 | 12.9
Fire Magic     | 4 5 6 8 10 11 12 13 15 16 | 16.1
Spellcasting   | 2 4 5 8 11 12 | 12.5
Conjurations   | 1 2 3 5 7 8 9 |  9.5
Translocations | 2 3 4 |  4.0
Invocations    | 4 6 7 10 | 10.0
Axes           | 2 |  2.0
Shields        | 4 8 10 11 | 11.0
Necromancy     | 6 |  6.0
Earth Magic    | 6 |  6.0
Dodging        | |  1.3
Stealth        | |  1.4

Action                     |  1- 3 |  4- 6 |  7- 9 | 10-12 | 13-15 | 16-18 || total
---------------------------+-------+-------+-------+-------+-------+-------++-------
  Melee: Dagger            |    44 |     8 |    50 |       |       |       ||   102
         Mace              |       |       |   136 |   216 |   297 |       ||   649
         Flail             |       |       |       |       |   130 |   189 ||   319
  Throw: Dart              |       |     1 |     4 |     5 |     2 |       ||    12
   Cast: Foxfire           |    83 |    92 |   182 |   187 |   246 |     9 ||   799
         Flame Wave        |       |       |     6 |    56 |   191 |    71 ||   324
         Volatile Blastmot |       |       |       |     1 |       |       ||     1
         Vhi's Electric Ch |       |       |       |       |     2 |       ||     2
         Borgnjor's Vile C |       |       |       |       |       |    28 ||    28
         Blink             |       |       |       |       |       |     2 ||     2
 Invoke: Slouch            |       |       |       |     1 |     2 |    12 ||    15
         Step From Time    |       |       |       |       |     1 |     1 ||     2
  Evoke: Wand              |       |       |     7 |     8 |     9 |     6 ||    30
    Use: Scroll            |     2 |     3 |     7 |    14 |    11 |     8 ||    45
         Potion            |     1 |       |     1 |     1 |    10 |     6 ||    19
   Stab: Invisible         |       |       |     1 |       |       |       ||     1
         Distracted        |       |       |       |     2 |       |       ||     2
         Sleeping          |       |       |       |     1 |       |       ||     1
         Petrified         |       |       |       |       |     2 |       ||     2
         Paralysed         |       |       |       |       |     1 |       ||     1
 Armour: Robe              |    25 |       |       |       |       |       ||    25
         Scale mail        |    20 |       |       |   133 |   617 |       ||   770
         Troll leather arm |       |     9 |   264 |   209 |       |       ||   482
         Skin              |       |       |    13 |       |       |       ||    13
         Fire dragon scale |       |       |       |       |     3 |   314 ||   317
  Dodge: Dodged            |    39 |     2 |   156 |   201 |   228 |    65 ||   691
  Block: Buckler           |       |       |       |   176 |    11 |       ||   187
         Reflection        |       |       |       |     2 |    49 |    46 ||    97
         Kite shield       |       |       |       |       |   906 |       ||   906
         Tower shield      |       |       |       |       |   110 |   506 ||   616

Table legend: (Time is in decaauts)
 A = Elapsed time spent in this place.
 B = Non-inter-level travel time spent in this place.
 C = Inter-level travel time spent in this place.
 D = Time resting spent in this place.
 E = Time spent auto-exploring this place.
 F = Levels seen in this place.
 G = Mean time per level.
                   A        B        C        D        E       F      G
               +--------+--------+--------+--------+--------+-----+--------+
         Total |  50175 |  46788 |   3387 |      0 |  37809 |  29 | 1730.2 |
       Dungeon |  22869 |  20895 |   1974 |      0 |  17224 |  15 | 1524.6 |
        Temple |     68 |      3 |     65 |      0 |      0 |   1 |   68.0 |
          Lair |  13111 |  12652 |    459 |      0 |  10262 |   5 | 2622.2 |
  Orcish Mines |   3412 |   3061 |    351 |      0 |   2637 |   2 | 1706.0 |
   Elven Halls |   8882 |   8347 |    535 |      0 |   6543 |   3 | 2960.7 |
        Bazaar |     54 |     54 |      0 |      0 |      0 |   1 |   54.0 |
         Sewer |    261 |    261 |      0 |      0 |    187 |   1 |  261.0 |
      Ice Cave |   1514 |   1514 |      0 |      0 |    956 |   1 | 1514.0 |
               +--------+--------+--------+--------+--------+-----+--------+

Top non-repeatable levels by time:
   Elf:2: 4288 daAuts
  Lair:5: 3739 daAuts
   Elf:1: 3325 daAuts
  Lair:2: 3097 daAuts
   Orc:2: 2498 daAuts
  Lair:1: 2263 daAuts
    D:12: 2232 daAuts
    D:14: 2118 daAuts
  Lair:4: 2108 daAuts
     D:9: 2009 daAuts
  Lair:3: 1902 daAuts
    D:10: 1898 daAuts
    D:13: 1820 daAuts
     D:5: 1780 daAuts
     D:6: 1584 daAuts
